 Dungeon Sprint DCSS version 0.20-a0-842-g939b552 (webtiles) character file.

1488 Musica the Spear-Bearer (level 9, -4/82 HPs)
             Began as a Formicid Fighter on Mar 9, 2017.
             Was a Believer of Okawaru.
             Slain by an orc warrior
             ... wielding a +0 long sword
             ... led by an orc knight
              (49 damage)
             ... in the Dungeon (Sprint VII: "The Pits").
             The game lasted 00:05:59 (843 turns).

Musica the Spear-Bearer (Formicid Fighter)           Turns: 843, Time: 00:06:00

Health: -4/82      AC: 14    Str: 26    XL:     9   Next: 7%
Magic:  11/14      EV: 13    Int:  8    God:    Okawaru [**....]
Gold:   0          SH:  0    Dex: 13    Spells: 8/8 levels left

rFire    . . .     SeeInvis +   s - +2 halberd (protect)
rCold    . . .     Gourm    .   l - +5 ring mail
rNeg     . . .     Faith    .   c - +0 shield
rPois    .         Spirit   .   (helmet unavailable)
rElec    .         Reflect  .   y - +0 cloak
rCorr    .         Harm     .   (no gloves)
MR       .....                  (no boots)
Stlth    ++........             (no amulet)
Regen    0.3/turn               (no ring)
MPRegen  0.2/turn               (no ring)

@: mighty, sleeping, heroism
A: permanent stasis, dig shafts and tunnels, four strong arms, antennae 3
a: Dig, Heroism, Renounce Religion


You were in the Dungeon.
You worshipped Okawaru.
Okawaru was pleased with you.
You were not hungry.

You visited 1 branch

Inventory:

Hand Weapons
 d - a +0 trident of piercing
 s - a +2 halberd of protection (weapon)
Armour
 b - a +0 scale mail
 c - a +0 shield (worn)
 l - a +5 ring mail (worn)
 r - a +3 chain mail
 y - a +0 cloak (worn)
Jewellery
 u - a +3 ring of evasion
 w - a +3 ring of dexterity
Scrolls
 k - a scroll of blinking
 m - 3 scrolls of remove curse
 n - 5 scrolls of amnesia
 o - a scroll of summoning
Potions
 a - 2 potions of invisibility
 e - 7 potions of curing
 g - 7 potions of heal wounds
 h - 2 potions of haste
 i - 4 potions of magic
 j - 5 potions of berserk rage
 x - a potion of resistance
Comestibles
 f - 8 bread rations
 p - 40 fruits
 q - 7 meat rations


   Skills:
 + Level 11.9(16.9) Fighting
 + Level 12.9(17.9) Polearms
 + Level 8.2(13.2) Armour
 - Level 3.6(8.6) Shields
 + Level 6.7 Invocations


You had 8 spell levels left.
You didn't know any spells.

Dungeon Overview and Level Annotations

Branches:
Dungeon (1/1)

Altars:
Ashenzari
Cheibriados
Dithmenos
Elyvilon
Fedhas
Gozag
Hepliaklqana
Kikubaaqudgha
Makhleb
Nemelex Xobeh
Okawaru
Qazlal
Ru
Sif Muna
Trog
Uskayaw
Vehumet
Wu Jian
Xom
Yredelemnul
Zin
The Shining One
Beogh
Jiyva
Lugonu


Innate Abilities, Weirdness & Mutations

You cannot be hasted, slowed, berserked, paralysed or teleported.
You can dig through walls and to a lower floor.
Your four strong arms can wield two-handed weapons with a shield.
You have a pair of large antennae on your head. (SInv)


Message History

The ufetubus completely misses you.
The orc priest mumbles some strange prayers to Beogh against you.
Beogh smites you!
You feel very mighty all of a sudden. You block the ufetubus's attack. x2
The ufetubus hits you but does no damage. x2
The orc knight hits you with a great mace!
* * * LOW HITPOINT WARNING * * *
The orc warrior closely misses you.
You feel much better.
The dream sheep shake their wool and sparkle.
You feel drowsy...
You fall asleep.
The ufetubus closely misses you. The ufetubus completely misses you.
The dream sheep bites you but does no damage.
The orc knight hits you but does no damage.
The ufetubus closely misses you. The ufetubus barely misses you.
The dream sheep closely misses you.
The orc warrior hits you with a long sword!!!
Ouch! That really hurt!
You die...

###.##................+
.....'................+
'#####......#..#......#
..'.##................#
..#.#####'#####''######
###.##.......##''#####
..#.##.......##......#
..).##.......##.o5...#
######...<...###@oY.##
))).##.......# ##Yo##
.)).##.......# {oV.#
######.......# {oo..#
.#..########## ....'.
.#.########### ....#..
.#.#....#...[# ...## .
.#)#....#..[.# ++##
.#.)....'..))#


You could see an orc knight, a vampire mage (invisible), an orc warrior, 2 dream
sheep, an orc priest, 3 orcs and an ufetubus.

Vanquished Creatures
  A phantasmal warrior (D)
  A gargoyle (D)
  A dream sheep (D)
  A hippogriff (D)
  A wolf (D)
  A big kobold (D)
  A gnoll sergeant (D)
  A scorpion (D)
  Jessica (D)
  A worker ant (D)
  A mummy (D)
  6 gnolls (D)
  A river rat (D)
  An ufetubus (D)
  An ooze (D)
  2 leopard geckos (D)
  An orc (D)
  A goblin (D)
  A hobgoblin (D)
  A quokka (D)
  A bat (D)
  A frilled lizard (D)
  2 rats (D)
30 creatures vanquished.

Notes
Turn   | Place    | Note
-------+----------+-------------------------------------------
     0 | D        | Musica the Formicid Fighter began the quest for the Orb.
     0 | D        | Reached XP level 1. HP: 18/18 MP: 1/1
    19 | D        | Found a bloodstained altar of Trog.
    19 | D        | Found a deep blue altar of Sif Muna.
    19 | D        | Found a viscous altar of Jiyva.
    19 | D        | Found a hazy altar of Hepliaklqana.
    19 | D        | Found an opulent altar of Gozag.
    20 | D        | Found a glowing golden altar of the Shining One.
    20 | D        | Found a glowing silver altar of Zin.
    20 | D        | Found a basalt altar of Yredelemnul.
    20 | D        | Found a shimmering altar of Xom.
    20 | D        | Found an ornate altar of the Wu Jian Council.
    20 | D        | Found a sacrificial altar of Ru.
    20 | D        | Found a stormy altar of Qazlal.
    20 | D        | Found an iron altar of Okawaru.
    20 | D        | Found a sparkling altar of Nemelex Xobeh.
    20 | D        | Found a burning altar of Makhleb.
    20 | D        | Found a blossoming altar of Fedhas.
    20 | D        | Found a white marble altar of Elyvilon.
    20 | D        | Found a shadowy altar of Dithmenos.
    20 | D        | Found a snail-covered altar of Cheibriados.
    22 | D        | Found a radiant altar of Vehumet.
    22 | D        | Found a corrupted altar of Lugonu.
    22 | D        | Found a roughly hewn altar of Beogh.
    23 | D        | Found a hide-covered altar of Uskayaw.
    23 | D        | Found an ancient bone altar of Kikubaaqudgha.
    23 | D        | Found a shattered altar of Ashenzari.
    28 | D        | Became a worshipper of Warmaster Okawaru
    70 | D        | Reached XP level 2. HP: 24/26 MP: 2/2
    75 | D        | Reached skill level 5 in Fighting
    92 | D        | Reached skill level 1 in Invocations
    99 | D        | Noticed a big kobold
   101 | D        | Reached skill level 3 in Polearms
   112 | D        | Reached XP level 3. HP: 14/34 MP: 2/5
   113 | D        | Reached skill level 4 in Polearms
   113 | D        | Reached XP level 4. HP: 17/41 MP: 3/6
   115 | D        | Killed a big kobold
   115 | D        | Reached * piety under Okawaru
   115 | D        | Reached skill level 5 in Polearms
   115 | D        | Reached skill level 5 in Invocations
   115 | D        | Reached XP level 5. HP: 21/48 MP: 3/9
   453 | D        | Noticed a wolf
   468 | D        | Killed a wolf
   468 | D        | Reached skill level 7 in Polearms
   468 | D        | Reached XP level 6. HP: 24/57 MP: 7/10
   480 | D        | Reached skill level 5 in Armour
   482 | D        | Reached skill level 8 in Polearms
   521 | D        | Noticed Jessica
   522 | D        | Killed Jessica
   525 | D        | Noticed a gargoyle
   533 | D        | Killed a gargoyle
   533 | D        | Reached ** piety under Okawaru
   533 | D        | Reached skill level 10 in Fighting
   533 | D        | Reached skill level 10 in Polearms
   533 | D        | Reached XP level 7. HP: 43/67 MP: 9/11
   659 | D        | Reached XP level 8. HP: 74/74 MP: 10/12
   668 | D        | Noticed a hippogriff
   668 | D        | Noticed a phantasmal warrior
   680 | D        | Killed a hippogriff
   680 | D        | Reached skill level 11 in Polearms
   693 | D        | Killed a phantasmal warrior
   693 | D        | Reached skill level 12 in Polearms
   822 | D        | Noticed a dream sheep
   822 | D        | Noticed a dream sheep
   822 | D        | Noticed a dream sheep
   822 | D        | Noticed an orc knight
   825 | D        | Noticed a dream sheep
   829 | D        | Noticed a vampire mage
   831 | D        | Killed a dream sheep
   831 | D        | Reached XP level 9. HP: 58/82 MP: 10/14
   843 | D        | Slain by an orc warrior

Vault maps used:
D:        pitsprint

Skill      XL: |  1  2  3  4  5  6  7  8 |
---------------+-------------------------+-----
Fighting       | 4 6 7 8 10 11 | 11.9
Invocations    | 3 5 6 |  6.7
Polearms       | 3 4 5 7 10 12 | 12.9
Armour         | 4 7 8 |  8.2
Shields        | |  3.6

Action                   |  1- 3 |  4- 6 |  7- 9 || total
-------------------------+-------+-------+-------++-------
Melee: Trident           |    19 |    45 |    39 ||   103
       Halberd           |       |       |    14 ||    14
Invok: Heroism           |       |     2 |     3 ||     5
  Use: Potion            |     1 |     1 |     3 ||     5
Armor: Scale mail        |     9 |       |       ||     9
       Chain mail        |       |     8 |     7 ||    15
       Ring mail         |       |       |    18 ||    18
Dodge: Dodged            |     1 |     8 |    27 ||    36
Block: Shield            |    10 |    14 |    32 ||    56
